 Dungeon Crawl Stone Soup version 0.21-a0-516-gaaff437 (webtiles) character file.

338 theanonym the Chopper (level 6, -1/49 HPs)
             Began as a Demonspawn Fighter on Dec 3, 2017.
             Slain by a killer bee (3 damage)
             ... on level 4 of the Dungeon.
             The game lasted 00:06:17 (3349 turns).

theanonym the Chopper (Demonspawn Fighter)          Turns: 3349, Time: 00:06:18

Health: -1/49      AC: 10    Str: 24    XL:     6   Next: 29%
Magic:  0/6        EV:  7    Int:  9    God:
Gold:   157        SH: 14    Dex: 12    Spells: 5/5 levels left

rFire    . . .     SeeInvis .   a - +0 war axe
rCold    . . .     Gourm    .   c - +0 shield
rNeg     . . .     Faith    .   t - +0 chain mail
rPois    .         Spirit   +   g - +0 helmet
rElec    .         Reflect  +   (no cloak)
rCorr    .         Harm     .   (no gloves)
MR       .....                  (no boots)
Stlth    ..........             q - +5 amulet of reflection
HPRegen  0.16/turn              l - ring of wizardry {Wiz+}
MPRegen  0.10/turn              (no ring)

@: mighty, lethally poisoned (-1 -> -32), very slightly contaminated
A: repulsion field 1, magic shield, rot immunity
a: no special abilities


Innate Abilities, Weirdness & Mutations

You are surrounded by a mild repulsion field. (EV +2)
When hurt, damage is shared between your health and your magic reserves.
You are immune to rotting.


   Skills:
 + Level 4.7 Fighting
 * Level 5.1 Axes
 - Level 2.6 Armour
 - Level 2.6 Shields


You had 5 spell levels left.
You didn't know any spells.

Skill      XL: |  1  2  3  4  5 |
---------------+----------------+-----
Axes           | 2 3 4 5 |  5.1
Fighting       | 4 |  4.7
Armour         | |  2.6
Shields        | |  2.6

Action                   |  1- 3 |  4- 6 || total
-------------------------+-------+-------++-------
Melee: War axe           |   133 |   159 ||   292
  Use: Scroll            |       |     8 ||     8
       Potion            |       |     6 ||     6
  Eat: Chunk             |     2 |     4 ||     6
       Royal jelly       |       |     1 ||     1
Armor: Scale mail        |    55 |    64 ||   119
       Chain mail        |       |    36 ||    36
Dodge: Dodged            |    46 |    63 ||   109
Block: Shield            |    76 |   131 ||   207

Inventory:

Hand Weapons
 a - a +0 war axe (weapon)
Armour
 b - a +0 scale mail
 c - a +0 shield (worn)
 g - a +0 helmet (worn)
   (You took it off Robin on level 3 of the Dungeon)
 t - a +0 chain mail (worn)
   (You found it on level 3 of the Dungeon)
Jewellery
 l - a ring of wizardry (left hand) {Wiz+}
   (You found it on level 2 of the Dungeon)
 q - a +5 amulet of reflection (around neck)
   (You found it on level 3 of the Dungeon)
Scrolls
 f - 2 scrolls of fog {!r}
 i - 3 scrolls of remove curse
 m - a scroll of enchant weapon
Potions
 d - 2 potions of might
Comestibles
 e - 2 royal jellies
 o - 3 bread rations

Dungeon Overview and Level Annotations

Branches:
Dungeon (4/15)
 Temple: D:4-7

Altars:
Dithmenos
Elyvilon
Fedhas
Gozag
Sif Muna


You were on level 4 of the Dungeon.
You were not hungry.

You visited 1 branch of the dungeon, and saw 4 of its levels.

You collected 157 gold pieces.


Message History

You block the killer bee's attack.
The killer bee stings you but does no damage.
The killer bee stings you!
You take 6 damage, and have 27/49 hp.
You now have 4/6 mp.
You block the killer bee's attack. You block the killer bee's attack.
Okay, then.
Put on which piece of jewellery? (? for menu, Esc to quit)
Okay, then.
Blink to where?
You are very lightly contaminated with residual magic.
As you read the scroll labeled PIKYIQ PEIMIU, it crumbles to dust.
It was a scroll of blinking.
The killer bee stings you but does no damage.
You open the door. 3 orcs come into view.
The orc shouts!
You hear a shout! x2
The killer bee barely misses you.
Found a stone staircase leading down.
An orc comes into view. It is wielding a mace.
The orc shouts!
You block the killer bee's attack. The killer bee stings you.
You are poisoned.
The killer bee poisons you!
The killer bee stings you but does no damage.
The orc hits you but does no damage.
There is an open door here.
You take 3 damage, and have 25/49 hp.
You now have 4/6 mp.
You feel sick. You block the killer bee's attack.
The orc hits you but does no damage.
You take 1 damage, and have 24/49 hp.
You feel sick. You block the killer bee's attack.
You take 1 damage, and have 23/49 hp.
An orc comes into view. It is wielding a flail.
The orc shouts!
The orc hits you with a mace.
* * * LOW HITPOINT WARNING * * *
You block the orc's attack. You block the killer bee's attack.
You take 1 damage, and have 22/49 hp.
You feel sick. You block the killer bee's attack. x2
You block the killer bee's attack. The killer bee barely misses you.
An ogre comes into view. It is wielding a giant club.
Your chain mail prevents you from hitting the killer bee.
You slash the orc!
You kill the orc!
You closely miss the orc. You closely miss the killer bee.
You closely miss the orc.
You feel sick. You block the killer bee's attack. The killer bee stings you.
* * * LOW HITPOINT WARNING * * *
You are more poisoned.
The killer bee poisons you! You block the killer bee's attack. x2
The orc hits you but does no damage. The killer bee barely misses you. x2
You take 4 damage, and have 18/49 hp.
You feel very mighty all of a sudden.
You feel sick. You block the killer bee's attack.
The killer bee stings you but does no damage.
You block the orc's attack. x2; The killer bee stings you.
You are more poisoned.
The killer bee poisons you! The killer bee stings you.
* * * LOW MAGIC WARNING * * *;
* * * LOW HITPOINT WARNING * * *
You take 4 damage, and have 14/49 hp.
You now have 2/6 mp.
You barely miss the killer bee. You closely miss the orc. x2
You closely miss the killer bee. You hit the orc.
* * * LOW HITPOINT WARNING * * *
You feel sick. You block the killer bee's attack. The killer bee stings you.
* * * LOW HITPOINT WARNING * * *
The killer bee barely misses you. You block the orc's attack. x2
The orc hits you but does no damage. The killer bee stings you.
* * * LOW HITPOINT WARNING * * *
The killer bee stings you but does no damage.
You take 4 damage, and have 10/49 hp.
Okay, then.
You barely miss the killer bee. You hit the orc. You slash the orc!
You kill the orc!
You hit the killer bee. You hit the orc.
You kill the orc!
* * * LOW HITPOINT WARNING * * *
You feel sick. You block the killer bee's attack. x2
The killer bee closely misses you. The killer bee barely misses you.
The killer bee stings you.
* * * LOW HITPOINT WARNING * * *
You are more poisoned.
The killer bee poisons you!
The killer bee stings you but does no damage.
The orc hits you but does no damage. The killer bee stings you.
* * * LOW MAGIC WARNING * * *;
* * * LOW HITPOINT WARNING * * *
You take 4 damage, and have 6/49 hp.
You now have 2/6 mp.
You closely miss the killer bee. You slash the orc!
You kill the orc!
You hit the killer bee. You miss the killer bee. You hit the orc.
* * * LOW HITPOINT WARNING * * *
You feel sick. The killer bee stings you.
* * * LOW MAGIC WARNING * * *;
* * * LOW HITPOINT WARNING * * *
You are more poisoned.
The killer bee poisons you! You block the killer bee's attack.
The killer bee stings you but does no damage.
The killer bee barely misses you. The orc hits you with a mace.
* * * LOW MAGIC WARNING * * *
You block the killer bee's attack. The killer bee stings you.
You die...

*,*********** *,*
************,***********
*,,,,,,,,,**,,,,,,,,,,,,
**********,,,,,,,,,**,,*******,**
,,**,,,,,,..,,,,,,,**,,* *,,,
*,**,,,,,....********,,**********
*,,+,,,,,....########,,,,,,,,,,,,
****,,,,,......O@y..#*,*******,,,
,,,,,,,,,......yoy..+,,,,,,,,,,,,
***,,,,,,...........#*,***,,*,,,,
*,,**+*###........#*,*,,,,*,,,, *
*,,*,,*,*##.#+#'###*,*,,,,,,,,, *
*,,*,,*,* #.*,#..# #######*,,*, *
*,,,,,,,* #,*,##.# #.....#,,,*,
***,,**,*,***,*,*#.# #.♣.♣.#*,.#,
,**,,,,,,,,**,*,##.###.._..#,,.#.


You could see an ogre, 3 killer bees and an orc.

Notes
Turn   | Place    | Note
-------+----------+-------------------------------------------
     0 | D:1      | theanonym the Demonspawn Fighter began the quest for the Orb.
     0 | D:1      | Reached XP level 1. HP: 18/18 MP: 1/1
    70 | D:1      | Reached skill level 2 in Axes
   161 | D:1      | Gained mutation: When hurt, damage is shared between your health and your magic reserves. [demonic ancestry]
   161 | D:1      | Reached XP level 2. HP: 21/24 MP: 2/2
   479 | D:1      | Reached XP level 3. HP: 29/29 MP: 3/3
   825 | D:2      | Reached skill level 3 in Axes
  1085 | D:2      | HP: 14/29 [rat (1)]
  1339 | D:2      | Found a blossoming altar of Fedhas.
  1577 | D:3      | Reached XP level 4. HP: 37/37 MP: 4/4
  1625 | D:3      | Found a shadowy altar of Dithmenos.
  1791 | D:3      | Noticed Robin
  1802 | D:3      | HP: 15/37 [goblin/dagger[Robin] (4)]
  1808 | D:3      | HP: 14/37 [goblin[Robin] (1)]
  1815 | D:3      | HP: 12/37 [Robin/club (4)]
  1821 | D:3      | HP: 11/37 [Robin/club (1)]
  1828 | D:3      | HP: 10/37 [Robin/club (2)]
  1831 | D:3      | Killed Robin
  2064 | D:3      | Reached skill level 4 in Fighting
  2613 | D:3      | Found a white marble altar of Elyvilon.
  2654 | D:4      | Reached skill level 4 in Axes
  2665 | D:4      | Gained mutation: You are surrounded by a mild repulsion field. (EV +2) [demonic ancestry]
  2665 | D:4      | Reached XP level 5. HP: 41/42 MP: 5/5
  2678 | D:4      | HP: 19/42 [killer bee (6)]
  2687 | D:4      | HP: 11/42 [killer bee (3)]
  2690 | D:4      | HP: 4/42 [killer bee (4)]
  2697 | D:4      | HP: 9/42 [killer bee (3)]
  2707 | D:4      | Found an opulent altar of Gozag.
  3096 | D:4      | Found a deep blue altar of Sif Muna.
  3103 | D:4      | Noticed Menkaure
  3112 | D:4      | HP: 14/43 [??? (8)]
  3113 | D:4      | Killed Menkaure
  3113 | D:4      | Reached skill level 5 in Axes
  3113 | D:4      | Gained mutation: You are immune to rotting. [demonic ancestry]
  3113 | D:4      | Reached XP level 6. HP: 16/49 MP: 1/6
  3340 | D:4      | HP: 24/49 [poisoned by a killer bee]
  3345 | D:4      | HP: 21/49 [poisoned by a killer bee]
  3347 | D:4      | HP: 10/49 [killer bee (1)]
  3349 | D:4      | HP: 2/49 [killer bee (3)]
  3349 | D:4      | Slain by a killer bee

Vanquished Creatures
  Menkaure (D:4)
  An orc priest (D:4)
  A worker ant (D:4)
  Robin (D:3)
  3 adders
  An ooze (D:3)
  4 worms
  A dart slug (D:1)
  A leopard gecko (D:1)
  8 orcs (D:4)
  3 bats
  3 giant cockroaches
  18 goblins
  11 hobgoblins
  11 jackals
  9 kobolds
  2 quokkas
  A ball python (D:1)
  8 frilled lizards
  9 rats
97 creatures vanquished.
